 Dungeon Crawl Stone Soup version 0.29-a0-902-g0f71de6fce (webtiles) character file.

Game seed: 1688790571792441152

73 funkygono the Firebug (level 4, -6/24 HPs)
             Began as a Gargoyle Fire Elementalist on July 24, 2022.
             Mangled by Terence
             ... wielding a +0 vorpal flail
              (10 damage)
             ... on level 2 of the Dungeon.
             The game lasted 00:02:23 (1856 turns).

funkygono the Firebug (Gargoyle Fire Elementalist)  Turns: 1856, Time: 00:02:24

Health: -6/24      AC:  5    Str: 12    XL:     4   Next: 27%
Magic:  1/7        EV: 12    Int: 17    God:
Gold:   117        SH:  0    Dex: 10    Spells: 2/8 levels left

rFire   . . .      SeeInvis .   c - +0 quarterstaff
rCold   . . .      Faith    .   (shield currently unavailable)
rNeg    + . .      Spirit   .   a - +0 robe
rPois   ∞          Reflect  .   (no helmet)
rElec   +          Harm     .   (no cloak)
rCorr   .          Rampage  .   (no gloves)
Will    .....                   (no boots)
Stlth   ++........              (no amulet)
HPRegen 0.08/turn               (no ring)
MPRegen 0.10/turn               (no ring)

@: no status effects
A: sickness immunity, AC +3, negative energy resistance 1, electricity
resistance, torment resistance 1, petrification resistance
a: no special abilities


You were on level 2 of the Dungeon.
You visited 1 branch of the dungeon, and saw 2 of its levels.

You collected 117 gold pieces.

Inventory:

Hand Weapons
 c - a +0 quarterstaff (weapon)
Armour
 a - a +0 robe (worn)
Scrolls
 d - a scroll of noise {unknown}
 e - a scroll of immolation {unknown}
 g - a scroll of magic mapping {unknown}
 j - a scroll of identify {unknown}
Potions
 b - a potion of magic
 f - a potion of resistance {unknown}
 h - a potion of curing
 i - a potion of attraction {unknown}


   Skills:
 + Level 0.1 Staves
 + Level 1.9 Dodging
 - Level 2.1 Stealth
 + Level 2.5 Spellcasting
 + Level 1.5 Conjurations
 + Level 4.3 Fire Magic


You had 2 spell levels left.
You knew the following spells:

 Your Spells              Type           Power      Damage    Failure   Level
a - Foxfire               Conj/Fire      48%        2x1d6     5%          1
b - Scorch                Fire           32%        2d6       4%          2
c - Conjure Flame         Conj/Fire      12%        6-21      17%         3

Your spell library contained the following spells:

 Spells                   Type           Power      Damage    Failure   Level
 Inner Flame              Hex/Fire       9%         N/A       22%         3
 Flame Wave               Conj/Fire      12%        2d6       50%         4
 Cause Fear               Hex            1%         N/A       88%         4
 Discord                  Hex            1%         N/A       100%        8


Dungeon Overview and Level Annotations

Branches:
Dungeon (2/15)

Altars:

Annotations:
D:2 Terence


Innate Abilities, Weirdness & Mutations

You are immune to sickness and miasma.
Your stone body is resilient. (AC +3)
You are immune to poison.
You resist negative energy. (rN+)
You are resistant to electric shocks. (rElec)
You are resistant to unholy torment.
You are immune to petrification.


Message History

The foxfire hits Terence but does no damage.
Terence is moderately wounded.
The foxfire hits Terence but does no damage.
Terence is moderately wounded.
Terence says, "Did you write a will?
You should..."
Terence is no longer more vulnerable to fire.
Terence attacks as you move away!
Terence hits you with a +0 vorpal flail!
Terence attacks as you move away!
Terence hits you with a +0 vorpal flail.
Terence attacks as you move away! Terence barely misses you.
Terence attacks as you move away! Terence closely misses you.
Casting: Foxfire (safe; 5% risk of failure)
Confirm with . or Enter, or press ? or * to list all spells.
Flames lash Terence.
Terence resists.
Terence is moderately wounded.
Terence's fire resistance burns away.
Terence hits you with a +0 vorpal flail!
* * * LOW HITPOINT WARNING * * *
x2 Terence attacks as you move away!
Terence hits you but does no damage.
Terence is no longer more vulnerable to fire.
Terence asks, "Do you want it fast or slow?"
Terence attacks as you move away! Terence barely misses you.
Terence attacks as you move away! Terence closely misses you.
It was a potion of curing.
You feel better.
Terence hits you with a +0 vorpal flail.
Casting: Scorch (safe; 4% risk of failure)
Confirm with . or Enter, or press ? or * to list all spells.
You conjure some foxfire!
Terence closely misses you.
Unknown command.
You closely miss Terence.
Terence is moderately wounded.
The foxfire hits Terence but does no damage.
Terence is moderately wounded.
The foxfire hits Terence but does no damage.
Terence is moderately wounded.
Terence hits you with a +0 vorpal flail.
* * * LOW HITPOINT WARNING * * *
x2 Terence hits you with a +0 vorpal flail!
You die...

###.#.#........#
....#.##.......#
.####.#####.##.#######
......# #.##.......#
...#### #.##########
...###### #......#
...##...########'##
...##...#......§..#
...##...#.......@.#
...##...#.......@.#
...##...#.........#
...##...#.........#
#####...#.........#
#####...######.####
.................#
...[...........#.#
...............#.#


You could see Terence.

Vanquished Creatures
  4 adders (D:2)
  2 dart slugs
  A ball python (D:2)
  2 endoplasms (D:2)
  2 giant cockroaches (D:2)
  A hobgoblin (D:1)
  A kobold (D:1)
  3 quokkas (D:2)
  2 bats (D:2)
  5 frilled lizards
  6 goblins
  5 rats
34 creatures vanquished.

Vanquished Creatures (others)
  102 foxfires
  2 fungi (D:2)
  A plant (D:2)
105 creatures vanquished.

Grand Total: 139 creatures vanquished

Notes
Turn   | Place    | Note
-------+----------+-------------------------------------------
     0 | D:1      | funkygono the Gargoyle Fire Elementalist began the quest
                  | for the Orb.
     0 | D:1      | Reached XP level 1. HP: 10/10 MP: 3/3
   266 | D:1      | Reached XP level 2. HP: 15/15 MP: 0/5
   669 | D:1      | Learned a level 2 spell: Scorch
   981 | D:2      | Reached XP level 3. HP: 19/19 MP: 1/6
   985 | D:2      | Learned a level 3 spell: Conjure Flame
  1123 | D:2      | Reached skill level 4 in Fire Magic
  1283 | D:2      | Reached XP level 4. HP: 24/24 MP: 2/7
  1576 | D:2      | Found a faded altar of an unknown god.
  1817 | D:2      | Noticed Terence
  1840 | D:2      | HP: 1/24 [Terence/+0 vorpal flail (3)]
  1856 | D:2      | Mangled by Terence

Illustrated notes

Levels and vault maps discovered:
D:1:      psy_arrival_terrarium, layout_basic
D:2:      layout_basic, shapermc_ecumenical_altar_ellora, grunt_ministairs_5,
          uniq_terence

Skill      XL: |  1  2  3 |
---------------+----------+-----
Fire Magic     | 4 |  4.3
Staves         | |  0.1
Dodging        | |  1.9
Stealth        | |  2.1
Spellcasting   | |  2.5
Conjurations   | |  1.5

Action                   |  1- 3 |  4- 6 || total
-------------------------+-------+-------++-------
Melee: Quarterstaff      |     2 |     6 ||     8
 Cast: Foxfire           |    41 |    17 ||    58
       Scorch            |     3 |     3 ||     6
  Use: Potion            |       |     1 ||     1
 Stab: Sleeping          |       |     1 ||     1
Armor: Robe              |     5 |     2 ||     7
Dodge: Dodged            |    10 |     8 ||    18

Table legend: (Time is in decaauts)
 A = Elapsed time spent in this place.
 B = Non-inter-level travel time spent in this place.
 C = Inter-level travel time spent in this place.
 D = Time resting spent in this place.
 E = Time spent auto-exploring this place.
 F = Levels seen in this place.
 G = Mean time per level.
                   A        B        C        D        E       F      G
               +--------+--------+--------+--------+--------+-----+--------+
         Total |   1857 |   1829 |     28 |      0 |   1570 |   2 |  928.5 |
       Dungeon |   1857 |   1829 |     28 |      0 |   1570 |   2 |  928.5 |
               +--------+--------+--------+--------+--------+-----+--------+

Top non-repeatable levels by time:
     D:2: 1028 daAuts
     D:1: 828 daAuts
